 Dungeon Crawl Stone Soup version 0.31-a0-851-g7ff8af7976 (webtiles) character file.

Game seed: 16367457928124450060

95 LeprechaunX the Ruffian (level 4, -2/29 HPs)
             Began as an Octopode Shapeshifter on Oct 6, 2023.
             Slain by a gnoll
             ... wielding a +0 club
              (4 damage)
             ... on level 3 of the Dungeon.
             The game lasted 00:01:53 (2061 turns).

LeprechaunX the Ruffian (Octopode Shapeshifter)     Turns: 2061, Time: 00:01:55

Health: -2/29      AC:  1    Str: 15    XL:     4   Next: 66%
Magic:  4/4        EV: 13    Int: 12    God:
Gold:   104        SH:  0    Dex: 11    Spells: 3/3 levels left

rFire   . .          .
                       - Unarmed
rCold   . . .        (no shield)
rNeg    . . .        (helmet currently unavailable)
rPois   .            (no amulet)
rElec   .            (no ring)
rCorr   .            (no ring)
SInv    .            (no ring)
Will    .....        (no ring)
Stlth   ++           (no ring)
HPRegen 0.24/turn    (no ring)
MPRegen 0.09/turn    (no ring)
                     (no ring)

%: no passive effects
@: beast-form
A: beast (slay +2), almost no armour, amphibious, 8 rings, camouflage 1,
gelatinous body 1, (nimble swimmer 1), tentacles
a: Begin Untransformation


You were on level 3 of the Dungeon.
You were a hulking beast.
You visited 1 branch of the dungeon, and saw 3 of its levels.

You collected 104 gold pieces.

Inventory:

Missiles
 h - 2 boomerangs
Armour
 n - a +0 hat
Jewellery
 e - a ring of wizardry
Talismans
 b - a beast talisman (active)
 c - a flux talisman
Scrolls
 d - a scroll of immolation {unknown}
 f - a scroll of enchant armour {unknown}
 l - a scroll of silence {unknown}
 m - 3 scrolls of revelation {unknown}
 q - a scroll of fear {unknown}
Potions
 a - a potion of lignification
 g - 4 potions of heal wounds {unknown}
 i - a potion of degeneration {unknown}
 j - a potion of enlightenment {unknown}
 k - a potion of might {unknown}
 o - a potion of curing {unknown}
 p - 2 potions of brilliance {unknown}


   Skills:
 + Level 2.2 Fighting
 + Level 2.9 Dodging
 + Level 3.6 Unarmed Combat
 + Level 3.5 Shapeshifting


You had 3 spell levels left.
You didn't know any spells.
Your spell library was empty.

Dungeon Overview and Level Annotations

Branches:
Dungeon (3/15)

Altars:
Nemelex Xobeh


Innate Abilities, Weirdness & Mutations

You are a hulking beast.
Your limbs bulge with bestial killing power. (Slay +2)
You cannot wear most types of armour.
You are amphibious.
You can wear up to eight rings at the same time.
Your skin changes colour to match your surroundings (Stealth+).
Your rubbery body absorbs attacks. (AC +1, EV +1)
((You are camouflaged when in or above water. (Stealth+)))
You have tentacles for arms and can constrict up to eight enemies at once.


Message History

m - 3 scrolls labelled GOFRUE BYPRA (gained 1) Done exploring.
Done exploring.
Search for what [Enter for "."]? .f Can't find anything matching that.
Unknown command.
Unknown command.
Search for what [Enter for ".f", or ? for help]? .
Unknown command.
There is a stone staircase leading down here.
You climb downwards.
The gnoll shouts! x2
The endoplasm quivers.
Found a small cabochon ring.
There is a stone staircase leading up here.
There are monsters nearby!
Found a stone staircase leading down.
A gnoll comes into view. It is wielding a +0 spear.
You tentacle-slap the endoplasm.
The endoplasm is severely wounded.
The endoplasm freezes you.
You are frozen.
You bludgeon the endoplasm!
You kill the endoplasm!
The gnoll hits you with a +0 club. The gnoll closely misses you.
You tentacle-slap the gnoll. Your grab misses the gnoll.
The gnoll is moderately wounded.
The gnoll hits you from afar with a +0 spear.
The gnoll closely misses you. x2
You tentacle-slap the gnoll but do no damage.
You grab the gnoll. You constrict the gnoll.
The gnoll hits you from afar with a +0 spear.
The gnoll closely misses you.
You tentacle-slap the gnoll.
The gnoll is heavily wounded.
You constrict the gnoll. The gnoll hits you with a +0 spear.
The gnoll hits you from afar with a +0 spear!
* * * LOW HITPOINT WARNING * * *
The gnoll hits you with a +0 club.
You die...

..#> ##
####.#.#
......#.#.#
#...#.....###
....#.......#
...........###
#.......gh.♣
.#.#......gg##♣
.......<....#
.##.##...####
#.#### ..# #.#
#= #


You could see 3 gnolls.

Vanquished Creatures
  Terence (D:2)
  2 adders (D:2)
  A worm (D:2)
  5 dart slugs
  6 endoplasms
  A goblin (D:2)
  3 hobgoblins (D:1)
  7 ball pythons
  10 bats
  A frilled lizard (D:1)
  A kobold (D:1)
  A rat (D:2)
39 creatures vanquished.

Notes
Turn   | Place    | Note
-------+----------+-------------------------------------------
     0 | D:1      | LeprechaunX the Octopode Shapeshifter began the quest for
                  | the Orb.
     0 | D:1      | Reached XP level 1. HP: 13/13 MP: 1/1
    81 | D:1      | Reached XP level 2. HP: 14/18 MP: 2/2
   723 | D:1      | Reached XP level 3. HP: 15/23 MP: 3/3
  1447 | D:2      | Reached XP level 4. HP: 23/29 MP: 4/4
  1524 | D:2      | Noticed Terence
  1535 | D:2      | Killed Terence
  1714 | D:2      | Found a sparkling altar of Nemelex Xobeh.
  2061 | D:3      | Slain by a gnoll

Illustrated notes

Levels and vault maps discovered:
D:1:      noname_arrival_rooms_in_the_neighbourhood, layout_loops_cross
D:2:      layout_loops_corners, basic_altar, uniq_terence
D:3:      layout_loops_ring, nicolae_yredelemnul_corpse_copse,
          ebering_ecumenical_altar_hall

Skill      XL: |  1  2  3 |
---------------+----------+-----
Fighting       | 2 |  2.2
Dodging        | |  2.9
Unarmed Combat | |  3.6
Shapeshifting  | |  3.5

Action                     |  1- 3 |  4- 6 || total
---------------------------+-------+-------++-------
  Melee: Unarmed           |    59 |    26 ||    85
         Tentacles         |    12 |     5 ||    17
         Constrict         |    13 |     5 ||    18
         Punch             |       |     2 ||     2
   Stab: Sleeping          |     5 |     2 ||     7
 Armour: Skin              |    26 |    19 ||    45
  Dodge: Dodged            |    33 |    22 ||    55

Table legend: (Time is in decaauts)
 A = Elapsed time spent in this place.
 B = Non-inter-level travel time spent in this place.
 C = Inter-level travel time spent in this place.
 D = Time resting spent in this place.
 E = Time spent auto-exploring this place.
 F = Levels seen in this place.
 G = Mean time per level.
                   A        B        C        D        E       F      G
               +--------+--------+--------+--------+--------+-----+--------+
         Total |   2055 |   2018 |     37 |    253 |   1500 |   3 |  685.0 |
       Dungeon |   2055 |   2018 |     37 |    253 |   1500 |   3 |  685.0 |
               +--------+--------+--------+--------+--------+-----+--------+

Top non-repeatable levels by time:
     D:2: 1037 daAuts
     D:1: 1005 daAuts
     D:3: 13 daAuts
